 Dungeon Crawl Stone Soup version 0.18-a0-1730-g73f0523 (webtiles) character file.

61 inmateoo the Caller (level 3, -1/15 HPs)
             Began as a Felid Summoner on Apr 10, 2016.
             Slain by Natasha (10 damage)
             ... on level 2 of the Dungeon.
             The game lasted 00:04:07 (1859 turns).

inmateoo the Caller (Felid Summoner)                Turns: 1859, Time: 00:04:08

Health: -1/15      AC:  1    Str:  4    XL:     3   Next: 83%
Magic:  7/7        EV: 18    Int: 17    God:
Gold:   77         SH:  0    Dex: 16    Spells: 3 memorised, 0 levels left
                                        Lives:  0   Deaths: 0

rFire  . . .     SeeInvis +       - Unarmed
rCold  . . .     Gourm    .     (armour unavailable)
rNeg   . . .     Faith    .     (shield unavailable)
rPois  .         Spirit   .     (helmet unavailable)
rElec  .         Dismiss  .     (cloak unavailable)
rCorr  .         Reflect  .     (gloves unavailable)
SustAt .         Harm     .     (boots unavailable)
MR     .....                    (no amulet)
Stlth  +++.......               (no ring)
                                (no ring)

@: quick, not resistant to hostile enchantments, fairly stealthy
A: no armour, no weapons or thrown items, claws 1, fangs 3, see invisible,
carnivore 3, speed 1, shaggy fur 1, slow metabolism 1, sharp paws
a: no special abilities


You were on level 2 of the Dungeon.
You were very full.

You visited 1 branch of the dungeon, and saw 2 of its levels.

You collected 77 gold pieces.

Inventory:

Jewellery
 f - an uncursed amulet of regeneration {unknown}
Potions
 c - 2 potions of haste
 e - 2 potions of agility {unknown}
 h - a potion of heal wounds {unknown}
 i - a potion of lignification {unknown}
Books
 a - a book of Callings

   Spells                             Type                      Level
   a - Summon Small Mammal            Summoning                    1
   b - Call Imp                       Summoning                    2
   c - Call Canine Familiar           Summoning                    3
   d - Summon Guardian Golem          Hexes/Summoning              3
   e - Summon Lightning Spire         Summoning/Air                4
   f - Summon Ice Beast               Ice/Summoning                4
Comestibles
 b - 4 meat rations
 g - a beef jerky


   Skills:
 + Level 1.4 Fighting
 + Level 3.3 Dodging
 + Level 3.3 Stealth
 * Level 2.2 Unarmed Combat
 - Level 2.0 Spellcasting
 - Level 4.0 Summonings


You couldn't memorise any spells.
You knew the following spells:

 Your Spells              Type           Power        Failure   Level  Hunger
a - Summon Small Mammal   Summ           ###.         3%          1    #......
b - Call Imp              Summ           ###.....     6%          2    ###....
c - Call Canine Familiar  Summ           ###.....     12%         3    ###....


Dungeon Overview and Level Annotations

Branches:
Dungeon (2/15)

Altars:
Trog

Annotations:
D:2 Natasha


Innate Abilities, Weirdness & Mutations

You cannot wear armour.
You are incapable of wielding weapons or throwing items.
You have sharp claws.
You have razor-sharp teeth.
You have supernaturally acute eyesight.
You are carnivorous and can eat meat at any time.
You cover ground quickly.
You are covered in fur (AC +1).
You have a slow metabolism.
Your sharp claws are effective at attacking unaware monsters.


Message History

You kill the giant newt!
No target in view!
Found a bread ration.
You see here a glowing mace.
A ball python comes into view.
The ball python moves out of view.
No target in view!
The ball python is too close now for your liking.
A ball python is nearby!
You scratch the ball python.
You kill the ball python!
Natasha, Servant of Life and Death comes into view.
Natasha is nearby!
Natasha is nearby!
Natasha claws you.
You scratch Natasha.
Natasha is moderately wounded.
Natasha claws you!
Ouch! That really hurt!
You die...

###......#..).###
#.####...##..#.
###########......#.##....
##.........#...........###
##........_.#.......#.### #
#...........#......##..# #
#..%.......##......###.##
#..................###..###
#.......).@##.....)........
#<........h##......######..
##.........##......# ####..
##............#.######.....
#..........##....#.....##.#
#...........%....#.######..
#...................#######
#.................#....#...
#........................##


You could see Natasha.

Vanquished Creatures
  An adder (D:2)
  An ooze (D:1)
  A giant cockroach (D:1)
  3 goblins
  2 ball pythons
  5 bats
  A giant newt (D:2)
  A kobold (D:2)
  4 rats
19 creatures vanquished.

Vanquished Creatures (collateral kills)
  Natasha (D:2)
  An adder (D:2)
  An ooze (D:1)
  4 dart slugs (D:1)
  A giant gecko (D:1)
  2 bats
  A giant cockroach (D:2)
  3 goblins
  2 hobgoblins
  3 jackals (D:1)
  A rat (D:1)
20 creatures vanquished.

Grand Total: 39 creatures vanquished

Notes
Turn   | Place    | Note
--------------------------------------------------------------
     0 | D:1      | inmateoo the Felid Summoner began the quest for the Orb.
     0 | D:1      | Reached XP level 1. HP: 7/7 MP: 4/4
   503 | D:2      | Reached XP level 2. HP: 12/12 MP: 0/6
   515 | D:2      | Learned a level 2 spell: Call Imp
   523 | D:2      | Noticed Natasha
   585 | D:1      | Reached skill level 1 in Unarmed Combat
   652 | D:1      | Reached skill level 1 in Fighting
   963 | D:1      | Reached XP level 3. HP: 15/15 MP: 3/7
   968 | D:1      | Learned a level 3 spell: Call Canine Familiar
  1377 | D:2      | Found a bloodstained altar of Trog.
  1516 | D:2      | Killed Natasha
  1855 | D:2      | Noticed Natasha
  1859 | D:2      | Slain by Natasha

Vault maps used:
D:1:      dpeg_arrival_radiant, st_stairs_14, hex_intersection
D:2:      bloody_trog, uniq_natasha

Skill      XL: |  1  2  3 |
---------------+----------+-----
Stealth        | 3 |  3.3
Dodging        | 3 |  3.3
Unarmed Combat | 1 2 |  2.2
Fighting       | 1 |  1.4
Spellcasting   | |  2.0
Summonings     | |  4.0

Action                   || total
-------------------------++-------
Melee: Unarmed           ||    56
 Cast: Summon Small Mamm ||     9
       Call Imp          ||    10
       Call Canine Famil ||     6
  Use: Scroll            ||     6
 Stab: Sleeping          ||     7
  Eat: Chunk             ||     8
